 Dungeon Crawl Stone Soup version 0.30-a0-540-g0af01429fa (webtiles) character file.

Game seed: 2069249540665630889

716 oldriver the Sneak (level 7, 0/64 HPs)
             Began as a Naga Artificer on Dec 25, 2022.
             Was an Initiate of Wu Jian.
             Slain by Pikel
             ... wielding a +2 whip of freezing
              (9 damage)
             ... on level 5 of the Dungeon.
             The game lasted 00:09:27 (4978 turns).

oldriver the Sneak (Naga Artificer)                 Turns: 4978, Time: 00:09:27

Health: 0/64       AC:  4    Str: 14    XL:     7   Next: 69%
Magic:  7/7        EV:  9    Int: 11    God:    Wu Jian [......]
Gold:   51         SH:  0    Dex: 14    Spells: 6/6 levels left

rFire   . . .      SeeInvis +    l - +4 spear
rCold   . . .      Faith    .    (no shield)
rNeg    . . .      Spirit   .    b - +0 leather armour
rPois   +          Reflect  .    (no helmet)
rElec   .          Harm     .    (no cloak)
rCorr   .          Rampage  .    (no gloves)
Will    .....                    (no barding)
Stlth   +++                      q - amulet of regeneration
HPRegen 1.10/turn                (no ring)
MPRegen 0.10/turn                (no ring)

@: mighty, invisible, very slow
A: AC +2, large, see invisible, deformed body, poison resistance, slowness 2,
spit poison 1, naga tail 1
a: Spit Poison, Renounce Religion


You were on level 5 of the Dungeon.
You worshipped Wu Jian.
Wu Jian was noncommittal.
You visited 2 branches of the dungeon, and saw 6 of its levels.

You collected 213 gold pieces.
You spent 162 gold pieces at shops.

Inventory:

Hand Weapons
 l - a +4 spear (weapon)
Armour
 b - a +0 leather armour (worn)
Jewellery
 q - an amulet of regeneration (around neck)
Wands
 c - a wand of flame (4)
 d - a wand of charming (13)
 e - a wand of iceblast (23)
 p - a wand of polymorph (9)
Scrolls
 g - 2 scrolls of teleportation
 h - 2 scrolls of amnesia
 i - a scroll of magic mapping {unknown}
 k - 2 scrolls of fear
 m - a scroll of enchant armour
 o - 2 scrolls of blinking
 s - 2 scrolls of vulnerability {unknown}
 t - a scroll of torment {unknown}
 u - a scroll of identify
Potions
 a - a potion of haste {unknown}
 f - a potion of invisibility
 r - a potion of lignification {unknown}


   Skills:
 + Level 4.1 Fighting
 - Level 4.7 Short Blades
 + Level 1.4 Polearms
 - Level 1.5 Armour
 + Level 1.8 Dodging
 + Level 6.5 Stealth
 - Level 3.0 Evocations


You had 6 spell levels left.
You didn't know any spells.
Your spell library contained the following spells:

 Spells                   Type           Power      Damage    Failure   Level
 Shock                    Conj/Air       0%         1d3       41%         1
 Summon Guardian Golem    Hex/Summ       0%         N/A       78%         3


Dungeon Overview and Level Annotations

Branches:
Dungeon (5/15)             Temple (1/1) D:4

Altars:
Cheibriados
Dithmenos
Elyvilon
Fedhas
Gozag
Makhleb
Qazlal
Ru
Sif Muna
Trog
Vehumet
Wu Jian
Xom
Yredelemnul

Shops:
D:1 (   D:4 ?

Portals:
Abyss: D:3

Annotations:
D:3 2 transporters, bande's ghost, amateur GrFi
D:5 3 runed translucent doors, Pikel; PyroL's ghost, novice DrWr; dornbeast's ghost, novice DrRe; karrick's ghost, novice GrFi; lotum's ghost, novice OpTm


Innate Abilities, Weirdness & Mutations

Your serpentine skin is tough. (AC +2)
You have supernaturally acute eyesight. (SInv)
Armour fits poorly on your strangely shaped body.
Your system is resistant to poisons. (rPois)
You cover ground very slowly.
You can spit poison.
You have a snake-like lower body.


Message History

You closely miss the lemure.
The lemure is moderately wounded.
The lemure barely misses you.
You barely miss the lemure.
The lemure is moderately wounded.
The lemure hits you but does no damage.
You hit the lemure but do no damage.
The lemure is moderately wounded.
The lemure closely misses you.
You closely miss the lemure.
The lemure is moderately wounded.
The lemure hits you.
You hit Pikel. You punch Pikel, but do no damage.
Pikel is lightly wounded.
The lemure looks more healthy.
Pikel closely misses you.
You hit Pikel.
Pikel is lightly wounded.
You have got your breath back.
Pikel hits you with a +2 whip of freezing!
Pikel freezes you.
You hit Pikel but do no damage.
Pikel is lightly wounded.
Pikel hits you with a +2 whip of freezing.
Pikel freezes you.
* * * LOW HITPOINT WARNING * * *
It was a potion of cancellation.
You feel magically purged.
Pikel hits you with a +2 whip of freezing!
* * * LOW HITPOINT WARNING * * *
Pikel freezes you.
* * * LOW HITPOINT WARNING * * *
It was a potion of might.
You feel very mighty all of a sudden.
Pikel hits you with a +2 whip of freezing!
* * * LOW HITPOINT WARNING * * *
Pikel freezes you.
* * * LOW HITPOINT WARNING * * *
You fade into invisibility!
Pikel closely misses you.
Pikel hits you with a +2 whip of freezing!
You die...

##### ##
#####...### #...
#...5.#...#...#
#5##5...#...#
#K##.#....#
#@#.....#...#
#.#.#.#.......#
#........#.#....
#..#...#.....#..
#....#....#.. #
#..#...#.....#
#........ #..
#.#.#.#..
#.#.....#.


You could see Pikel (unable to see you) and a lemure (unable to see you).

Vanquished Creatures
  Grinder (D:3)
  An ice beast (D:5)
  An ogre (D:4)
  2 lemures (D:5)
  An orc priest (D:5)
  2 hounds (D:4)
  2 iguanas
  2 orc wizards (D:5)
  4 gnolls
  An adder (D:2)
  2 ufetubi (D:5)
  3 worms
  2 dart slugs (D:4)
  3 orcs
  8 ball pythons
  9 endoplasms
  4 giant cockroaches
  9 goblins
  3 hobgoblins
  A quokka (D:5)
  5 bats
  5 frilled lizards
  5 kobolds
  8 rats
84 creatures vanquished.

Vanquished Creatures (collateral kills)
  2 orcs (D:5)
2 creatures vanquished.

Vanquished Creatures (others)
  7 plants (D:1)
  2 withered plants (D:5)
9 creatures vanquished.

Grand Total: 95 creatures vanquished

Notes
Turn   | Place    | Note
-------+----------+-------------------------------------------
     0 | D:1      | oldriver the Naga Artificer began the quest for the Orb.
     0 | D:1      | Reached XP level 1. HP: 18/18 MP: 1/1
   104 | D:1      | Reached skill level 1 in Dodging
   104 | D:1      | Reached skill level 2 in Stealth
   132 | D:1      | Reached XP level 2. HP: 7/25 MP: 2/2
   368 | D:1      | Found Pimueluk's Weapon Boutique.
   532 | D:1      | Found a faded altar of an unknown god.
   570 | D:1      | Reached skill level 1 in Short Blades
   864 | D:1      | Reached XP level 3. HP: 29/31 MP: 3/3
  1468 | D:2      | Reached skill level 3 in Stealth
  1550 | D:2      | Found a stormy altar of Qazlal.
  1970 | D:2      | Reached XP level 4. HP: 27/39 MP: 4/4
  2293 | D:3      | Noticed a small abomination
  2304 | D:3      | Found a transporter.
  2503 | D:3      | Noticed Grinder
  2522 | D:3      | Killed Grinder
  2523 | D:3      | Reached skill level 4 in Stealth
  2523 | D:3      | Reached XP level 5. HP: 22/49 MP: 5/5
  2523 | D:3      | Reached XP level 6. HP: 25/56 MP: 6/6
  2840 | D:3      | Reached skill level 5 in Stealth
  3180 | D:3      | Found a transporter.
  3182 | D:3      | Found a one-way gate to the infinite horrors of the Abyss.
  3182 | D:3      | Noticed bande's ghost (amateur GrFi)
  3255 | D:3      | Found a shimmering blue altar of Sif Muna.
  3299 | D:3      | Found a radiant altar of Vehumet.
  3562 | D:4      | Found Jizymmei's Magic Scroll Shop.
  3565 | D:4      | Bought a scroll of enchant armour for 97 gold pieces
  3565 | D:4      | Bought a scroll of teleportation for 39 gold pieces
  3565 | D:4      | Bought a scroll of identify for 26 gold pieces
  3954 | D:4      | Found a staircase to the Ecumenical Temple.
  4050 | Temple   | Entered the Ecumenical Temple
  4155 | Temple   | Became a worshipper of the Wu Jian Council
  4228 | D:4      | Got Sif Muna's Spellbook of the Generative Lungs
  4412 | D:4      | Reached XP level 7. HP: 49/62 MP: 7/7
  4708 | D:5      | Entered Level 5 of the Dungeon
  4724 | D:5      | Reached skill level 6 in Stealth
  4789 | D:5      | Reached skill level 1 in Polearms
  4820 | D:5      | Found a runed translucent gate.
  4820 | D:5      | Noticed karrick's ghost (novice GrFi)
  4822 | D:5      | Found a runed translucent gate.
  4822 | D:5      | Found a runed translucent gate.
  4822 | D:5      | Noticed dornbeast's ghost (novice DrRe)
  4823 | D:5      | Noticed lotum's ghost (novice OpTm)
  4840 | D:5      | Noticed PyroL's ghost (novice DrWr)
  4924 | D:5      | Noticed Pikel
  4974 | D:5      | HP: 3/64 [Pikel/+2 whip of freezing (1)]
  4978 | D:5      | Slain by Pikel

Illustrated notes

Levels and vault maps discovered:
D:1:      psy_arrival_fountain, layout_basic, basic_ecumenical_altar,
          serial_bayou, serial_bayou_shore_a, serial_bayou_pond_b,
          serial_bayou_crossing, serial_bayou_pond_d, serial_shops,
          nicolae_shop_bloodbath_and_beyond, minivault_23
D:2:      layout_basic, basic_altar
D:3:      layout_basic, mainiacjoe_overflow_24_doors,
          nicolae_sif_muna_little_library, gammafunk_ghost_abyssal_escape,
          nicolae_titane, uniq_grinder
D:4:      layout_rooms, minmay_temple_entry_hall, serial_shops,
          nicolae_stop_n_shop_2, cheibrodos_gnoll_hut
D:5:      minmay_goblin_kobold_castle, layout_cave_pools,
          gammafunk_ghost_cemetery, portal_sewer_entry_d, serial_shops,
          nicolae_lakefront_shop, nicolae_kite_square_tiling_tiny, uniq_pikel
Temple:   hellmonk_temple_two_chambers

Skill      XL: |  1  2  3  4  5  6  7 |
---------------+----------------------+-----
Dodging        | 1 |  1.8
Stealth        | 2 3 4 5 6 |  6.5
Short Blades   | 1 3 4 |  4.7
Fighting       | 2 3 4 |  4.1
Polearms       | 1 |  1.4
Armour         | |  1.5
Evocations     | |  3.0

Action                   |  1- 3 |  4- 6 |  7- 9 || total
-------------------------+-------+-------+-------++-------
Melee: Dagger            |   125 |    78 |    32 ||   235
       Club              |     1 |       |       ||     1
       Punch             |     3 |     1 |     1 ||     5
       Spear             |       |       |    83 ||    83
Invok: Lunge             |       |     2 |       ||     2
 Abil: Spit Poison       |    42 |    26 |    15 ||    83
Evoke: Wand              |       |    13 |     2 ||    15
  Use: Scroll            |       |    10 |       ||    10
       Potion            |       |       |     3 ||     3
 Stab: Sleeping          |       |     2 |       ||     2
Armor: Leather armour    |    36 |    18 |    32 ||    86
Dodge: Dodged            |    65 |    38 |    68 ||   171

Table legend: (Time is in decaauts)
 A = Elapsed time spent in this place.
 B = Non-inter-level travel time spent in this place.
 C = Inter-level travel time spent in this place.
 D = Time resting spent in this place.
 E = Time spent auto-exploring this place.
 F = Levels seen in this place.
 G = Mean time per level.
                   A        B        C        D        E       F      G
               +--------+--------+--------+--------+--------+-----+--------+
         Total |   6064 |   5874 |    190 |   1448 |   3176 |   6 | 1010.7 |
       Dungeon |   5944 |   5762 |    182 |   1367 |   3150 |   5 | 1188.8 |
        Temple |    120 |    112 |      8 |     81 |     26 |   1 |  120.0 |
               +--------+--------+--------+--------+--------+-----+--------+

Top non-repeatable levels by time:
     D:3: 1920 daAuts
     D:1: 1640 daAuts
     D:2: 1077 daAuts
     D:4: 982 daAuts
     D:5: 323 daAuts
  Temple: 120 daAuts
